 Dungeon Crawl Stone Soup version 0.19.1 (webtiles) character file.

103 Jerry the Skirmisher (level 4, -3/24 HPs)
             Began as a Vine Stalker Fighter on Dec 23, 2016.
             Slain by Grinder (5 damage)
             ... while paralysed by Grinder
             ... on level 3 of the Dungeon.
             The game lasted 00:07:01 (2598 turns).

Jerry the Skirmisher (Vine Stalker Fighter)         Turns: 2598, Time: 00:07:02

Health: -3/24      AC: 14    Str: 18    XL:     4   Next: 79%
Magic:  0/5        EV:  2    Int:  8    God:
Gold:   186        SH:  0    Dex: 15    Spells: 0 memorised, 3 levels left

rFire  . . .     SeeInvis .     a - +1 rapier
rCold  . . .     Gourm    .     i - +0 chain mail
rNeg   . . .     Faith    .     (no shield)
rPois  .         Spirit   +     o - +0 helmet
rElec  .         Reflect  .     d - +2 cloak
rCorr  .         Harm     .     (no gloves)
MR     .....                    g - +0 pair of boots
Stlth  ..........               (no amulet)
                                (no ring)
                                (no ring)

@: paralysed
A: fangs 2, regeneration 1, magic shield, antimagic bite, no device heal 3, rot
immunity
a: no special abilities


You were on level 3 of the Dungeon.
You were not hungry.

You visited 1 branch of the dungeon, and saw 3 of its levels.

You collected 186 gold pieces.

Inventory:

Hand Weapons
 a - a +1 rapier (weapon)
Missiles
 k - 2 throwing nets (quivered)
Armour
 c - a +0 shield
 d - a +2 cloak (worn)
 g - a +0 pair of boots (worn)
 i - a +0 chain mail (worn)
 o - a +0 helmet (worn)
Scrolls
 e - a scroll of remove curse
 m - a scroll of identify
Potions
 q - a potion of cure mutation
Comestibles
 b - a chunk of flesh
 f - a bread ration
 n - a meat ration
 r - 3 fruits


   Skills:
 + Level 3.3 Fighting
 + Level 2.5 Short Blades
 + Level 3.1 Armour
 - Level 3.2 Shields


You had 3 spell levels left.
You didn't know any spells.

Dungeon Overview and Level Annotations

Branches:
Dungeon (3/15)

Altars:
Hepliaklqana

Annotations:
D:3 Grinder


Innate Abilities, Weirdness & Mutations

You have extremely sharp teeth.
Your natural rate of healing is unusually fast.
When hurt, damage is shared between your health and your magic reserves.
Your bite disrupts and absorbs the magic of your enemies.
Potions and wands cannot restore your health.
You are immune to rotting.


Message History

Grinder blinks!
You hit Grinder. Your bite misses Grinder.
Grinder is moderately wounded.
Grinder hits you.
You writhe in agony.
You hit Grinder.
Grinder is heavily wounded.
Grinder hits you but does no damage.
You hit Grinder.
Grinder is heavily wounded.
Grinder gestures at you.
You suddenly lose the ability to move!
Grinder hits you.
* * * LOW HITPOINT WARNING * * *
You writhe in agony.
* * * LOW HITPOINT WARNING * * *
Grinder hits you but does no damage. Grinder hits you.
* * * LOW HITPOINT WARNING * * *
You writhe in agony.
You die...

#. #.#....###### .####.
#...........# .[....
............#
.%....########.........#
#.....................#
##..######.(.<.)...#
#..................#
#..5...<...........#
#..@......##########
#.........# #.........#
#.........# #.........#
###########


You could see Grinder.

Vanquished Creatures
  Crazy Yiuf (D:2)
  3 adders (D:2)
  An ooze (D:2)
  2 worms (D:2)
  3 bats (D:2)
  3 giant cockroaches
  3 goblins
  6 hobgoblins
  6 kobolds
  A quokka (D:2)
  A ball python (D:2)
  2 frilled lizards (D:2)
  4 rats
36 creatures vanquished.

Notes
Turn   | Place    | Note
-------+----------+-------------------------------------------
     0 | D:1      | Jerry the Vine Stalker Fighter began the quest for the Orb.
     0 | D:1      | Reached XP level 1. HP: 11/11 MP: 2/2
   724 | D:1      | Reached XP level 2. HP: 16/16 MP: 3/3
  1163 | D:2      | Reached XP level 3. HP: 3/20 MP: 4/4
  1177 | D:2      | HP: 1/30 [poisoned by an adder]
  2049 | D:2      | Gained mutation: Your natural rate of healing is unusually fast. [Vine Stalker growth]
  2049 | D:2      | Reached XP level 4. HP: 23/24 MP: 5/5
  2096 | D:2      | Found a hazy altar of Hepliaklqana.
  2223 | D:2      | Found a runed door.
  2227 | D:2      | Noticed Crazy Yiuf
  2235 | D:2      | Killed Crazy Yiuf
  2570 | D:3      | Noticed Grinder
  2583 | D:3      | Paralysed by Grinder for 7 turns
  2595 | D:3      | Paralysed by Grinder for 7 turns
  2598 | D:3      | Slain by Grinder

Skill      XL: |  1  2  3 |
---------------+----------+-----
Fighting       | 3 |  3.3
Short Blades   | 2 |  2.5
Shields        | 3 |  3.2
Armour         | 3 |  3.1

Action                   |  1- 3 |  4- 6 || total
-------------------------+-------+-------++-------
Melee: Rapier            |    95 |    35 ||   130
       Bite              |    22 |    13 ||    35
  Use: Potion            |     4 |     1 ||     5
       Scroll            |       |     4 ||     4
  Eat: Chunk             |     4 |     2 ||     6
Armor: Scale mail        |    41 |     3 ||    44
       Chain mail        |       |    16 ||    16
Dodge: Dodged            |    30 |     8 ||    38
Block: Shield            |    42 |     9 ||    51
